details: 'i feed red'

« prev index next »

General information

Mini Map

Players

team 1
NightElfvan_dame (orange | 35 APM | 114 actions | 03:15)
Hero icon 1 Demon Hunter
Ability icon 1 Immolation

» actions
Assign group hotkey1
Build / train19
Enter build submenu9
Enter hero's abilities submenu1
Remove unit from queue1
Right click24
Select / deselect45
Select group hotkey1
Use ability13
114 total
» units
Wisp7
Peon6
Grunt1
14 total
» buildings
Altar of Elders1
Moon Well1
Altar of Storms1
Barracks1
Orc Burrow2
Hunter's Hall1
Ancient of War2
9 total
» build order
00:24 Altar of Elders
00:25 Moon Well
00:45 Altar of Storms
00:46 Barracks
00:49 Orc Burrow
01:06 Hunter's Hall
01:56 Ancient of War
02:05 Orc Burrow
02:11 Ancient of War
OrclsIam_Is_KlNG (red | 0 APM | 0 actions | 03:31)
UndeadMyNameIsMud (purple | 6 APM | 20 actions | 03:31)

» actions
Build / train3
Enter build submenu2
Right click5
Select / deselect9
Use ability1
20 total
» units
Acolyte2
2 total
» buildings
Ziggurat1
Nerubian Tower1
2 total
» build order
00:45 Ziggurat
01:45 Nerubian Tower
Orcpdlrnptfrsvlkjn (pink | 0 APM | 0 actions | 00:03)
team 2
Random» NightElfJx2 (green | 43 APM | 153 actions | 03:31)
Hero icon 1 Demon Hunter
Ability icon 1 Mana Burn

» actions
Assign group hotkey4
Build / train17
Enter build submenu9
Enter hero's abilities submenu1
Right click56
Select / deselect47
Select group hotkey11
Use ability8
153 total
» units
Wisp10
Archer5
15 total
» buildings
Moon Well3
Altar of Elders1
Ancient of War1
Ancient of Wonders1
6 total
» build order
00:20 Moon Well
00:35 Altar of Elders
00:48 Ancient of War
01:38 Moon Well
02:02 Ancient of Wonders
02:18 Moon Well
HumanSanqkek (teal | 34 APM | 118 actions | 03:31)
Hero icon 1 Pandaren Brewmaster
Ability icon 1 Breath of Fire

» actions
Build / train16
Enter build submenu8
Enter hero's abilities submenu1
Right click43
Select / deselect42
Use ability8
118 total
» units
Peasant9
Footman5
14 total
» buildings
Altar of Kings1
Barracks1
Farm4
Arcane Vault1
Lumber Mill1
8 total
» build order
00:12 Altar of Kings
00:15 Barracks
00:20 Farm
00:58 Farm
01:39 Farm
02:29 Arcane Vault
02:36 Lumber Mill
03:11 Farm
Random» HumanFrostman (yellow | 36 APM | 128 actions | 03:31)
Hero icon 1 Paladin
Ability icon 1 Holy Light

» actions
Build / train18
Enter build submenu14
Enter hero's abilities submenu1
Remove unit from queue1
Right click41
Select / deselect41
Use ability12
128 total
» units
Peasant8
Footman7
15 total
» buildings
Altar of Kings1
Farm7
Barracks1
Lumber Mill1
Blacksmith1
Arcane Vault1
12 total
» build order
00:11 Altar of Kings
00:16 Farm
00:22 Barracks
00:58 Farm
01:39 Farm
01:59 Farm
02:23 Farm
02:34 Lumber Mill
02:41 Farm
02:52 Blacksmith
03:04 Farm
03:23 Arcane Vault
Random» HumanLaFouineFARC-EP (blue | 32 APM | 112 actions | 03:31)
Hero icon 1 Archmage
Ability icon 1 Blizzard

» actions
Assign group hotkey2
Build / train10
Enter build submenu5
Enter hero's abilities submenu1
Right click41
Select / deselect40
Use ability13
112 total
» units
Peasant6
Footman2
8 total
» buildings
Altar of Kings1
Farm2
Barracks1
Blacksmith1
5 total
» build order
00:06 Altar of Kings
00:08 Farm
00:47 Barracks
01:59 Farm
02:31 Blacksmith

Chat log

(00:09 / All) Jx2: gg
(00:12 / Allies) van_dame: i control play
(00:19 / Allies) MyNameIsMud: k
(00:29 / All) van_dame: wait pls
(00:34 / All) van_dame: fucker
(00:36 / All) LaFouineFARC-EP: tael GOD DOG!
(00:51 / Allies) van_dame: try mass pls
(00:52 / Allies) MyNameIsMud: k

(02:19 / Allies) van_dame: afk?
(02:25 / Allies) MyNameIsMud: I'm here
(02:30 / Allies) MyNameIsMud: I feed red
(02:32 / Allies) van_dame: 0 units?
(02:38 / Allies) van_dame: for?
(02:41 / Allies) van_dame: he afk omg
(02:42 / Allies) MyNameIsMud: good strat
(02:43 / Allies) van_dame: you idiot?
(02:55 / Allies) van_dame: and afk you idiot omg
(03:13 / Allies) van_dame: omg what idiot is you